AoeStats
← toomuchdog

MegaRandom

506577678Analyzed
2v2 RM · 19d ago on Sep 14, 2026· 28m 58s· 4 players
Game mode
Random Map
Map size
Medium (4 player)
Population
200
Speed
Normal
Resources
Standard
Victory
Conquest
Starting age
Dark Age
Ending age
Imperial Age
RankedLock teamsTeams togetherTeam positionsShared explorationLock speedFull tech treeHidden civsTurbo modeCheats
Victory
Defeat
🇧🇷 Celts · Brazil
1407
+13
🇦🇺 Franks · Australia
1368
+14
🇨🇦 Malians · Canada
1357
-14
1309
-13
AutoEveryThing
6:32 Loom
8:55 Feudal Age
9:45 Double-Bit Axe
21:41 Castle Age
21:44 Scale Barding Armor
22:05 Light Cavalry
22:53 Husbandry
24:43 Forging
28:59 Chain Barding Armor
enricodias
7:29 Loom
7:36 Loom
10:24 Feudal Age
14:11 Castle Age
12:08 Double-Bit Axe
13:51 Scale Barding Armor
14:03 Scale Barding Armor
15:11 Forging
19:32 Husbandry
24:42 Man-at-Arms
25:41 Scale Mail Armor
28:15 Long Swordsman
28:42 Gambesons
twitch.tv/aceinspace93
8:22 Loom
10:48 Feudal Age
15:18 Castle Age
13:58 Double-Bit Axe
16:04 Fletching
23:53 Chemistry
25:19 Scale Mail Armor
26:33 Ballistics
27:04 Pikeman
toomuchdog
7:05 Loom
9:27 Feudal Age
9:56 Double-Bit Axe
10:51 Horse Collar
25:21 Castle Age
24:14 Forging
25:29 Bloodlines
25:25 Scale Barding Armor
25:41 Gold Mining
29:03 Iron Casting
Connection lost

Rejoining the realm…

Still unreachable

The connection could not be restored.

Session expired

The server has moved on; the page needs a fresh start.